 Dungeon Crawl Stone Soup version 0.18-a0-1575-g920359c (webtiles) character file.

70697 Duffy the Severer (level 15, 115/115 HPs)
             Began as a Formicid Enchanter on Mar 16, 2016.
             Was the Champion of Cheibriados.
             Quit the game on level 8 of the Dungeon.
             The game lasted 00:52:42 (26924 turns).

Duffy the Severer (Formicid Enchanter)             Turns: 26924, Time: 00:52:43

Health: 115/115    AC: 19    Str: 34    XL:     15   Next: 79%
Magic:  21/21      EV: 21    Int: 30    God:    Cheibriados [******]
Gold:   2224       SH:  8    Dex: 35    Spells: 4 memorised, 13 levels left

rFire  + . .     SeeInvis +     W - +8 broad axe of Linearity {flame, *Noise rF+ Dex+5}
rCold  . . .     Gourm    .     T - +6 scale mail of Kaygih {Str+4 Slay+2 Stlth+}
rNeg   . . .     Faith    .     w - +0 buckler
rPois  .         Spirit   .     (helmet unavailable)
rElec  .         Dismiss  .     g - +0 cloak
rCorr  .         Reflect  .     R - +1 pair of gloves
SustAt .         Harm     .     (no boots)
MR     ++...                    Z - amulet of regeneration
Stlth  +++++.....               y - +3 ring of protection
                                J - ring of protection from magic

@: very slow, very resistant to hostile enchantments, quite stealthy
A: permanent stasis, dig shafts and tunnels, four strong arms, antennae 3,
hooves 1
a: Dig, Shaft Self, Bend Time, Temporal Distortion, Slouch, Step From Time,
Renounce Religion


You were on level 8 of the Dungeon.
You worshipped Cheibriados.
Cheibriados was exalted by your worship.
You were not hungry.

You visited 3 branches of the dungeon, and saw 19 of its levels.
You also visited: Ice Cave.

You collected 2224 gold pieces.


Innate Abilities, Weirdness & Mutations

You are under a permanent stasis effect.
You can dig through walls and to a lower floor.
Your four strong arms can wield two-handed weapons with a shield.
You have a pair of large antennae on your head (SInv).
You have large cloven feet.


   Skills:
 - Level 10.0 Fighting
 - Level 3.5 Short Blades
 + Level 17.7 Axes
 - Level 5.4 Armour
 - Level 8.2 Dodging
 - Level 10.4 Stealth
 - Level 4.2 Shields
 - Level 4.5 Spellcasting
 - Level 8.0 Hexes
 - Level 9.0 Invocations


You had 13 spell levels left.
You knew the following spells:

 Your Spells              Type           Power        Failure   Level  Hunger
a - Corona                Hex            ######.      1%          1    None
c - Confuse               Hex            ######..     1%          3    #......
j - Dazzling Spray        Conj/Hex       ####....     10%         3    #......
l - Tukima's Dance        Hex            ######..     1%          3    #......

Inventory:

Hand Weapons
 a - a +1 war axe of electrocution
 b - a +1 dagger
 G - a +0 battleaxe
 Q - a +0 blowgun
 W - the +8 broad axe of Linearity (weapon) {flame, *Noise rF+ Dex+5}

   It has been specially enchanted to burn those struck by it, causing extra
   injury to most foes and up to half again as much damage against particularly
   susceptible opponents.
   Big, fiery blades are also staple armaments of hydra-hunters.
   It affects your dexterity (+5).
   It protects you from fire.
   It may make noises in combat.
Missiles
 h - 79 poisoned needles
 v - 31 tomahawks (quivered)
 S - 9 curare-tipped needles
 V - a throwing net
Armour
 g - a +0 cloak (worn)
 w - a +0 buckler (worn)
 R - a +1 pair of gloves (worn)
 T - the +6 scale mail of Kaygih (worn) {Str+4 Slay+2 Stlth+}

   It affects your strength (+4).
   It affects your accuracy and damage with ranged weapons and melee attacks
   (+2).
   It makes you more stealthy.
 Y - a +1 chain mail of fire resistance
Jewellery
 f - the ring of the Heavens {+Blink rF++ rC- Dex+2 Stlth+}

   [ring of stealth]

   It affects your dexterity (+2).
   It greatly protects you from fire.
   It makes you vulnerable to cold.
   It lets you blink.
   It makes you more stealthy.
 k - the ring "Deam" {SustAt rC+ rN+}

   [ring of sustain attributes]

   It sustains your strength, intelligence and dexterity.
   It protects you from cold.
   It protects you from negative energy.
 y - a +3 ring of protection (right hand)
 C - an uncursed ring of fire
 F - an uncursed ring of resist corrosion
 J - a ring of protection from magic (left hand)
 Z - an amulet of regeneration (around neck)
Wands
 o - a wand of digging (8/24)
 t - a wand of acid (7/15)
 z - a wand of heal wounds (4/9)
 A - a wand of acid (7/15)
 E - a wand of paralysis (9/24)
 K - a wand of enslavement (11/24)
 L - a wand of disintegration (11/24)
 M - a wand of iceblast (5/15)
Scrolls
 l - 5 scrolls of immolation
 n - 4 scrolls of recharging
 p - a scroll of enchant weapon
 x - 4 scrolls of amnesia
 B - a scroll of holy word
 D - 2 scrolls of fog
 I - 4 scrolls of remove curse
 N - 5 scrolls of magic mapping
 O - a scroll of vulnerability
Potions
 e - 3 potions of heal wounds
 i - 4 potions of curing
 j - a potion of agility
 m - 2 potions of cancellation
 s - 2 potions of cure mutation
 u - a potion of flight
 P - a potion of lignification
 U - a potion of ambrosia
Comestibles
 c - 8 fruits
 d - 12 bread rations
 q - a slice of pizza
 r - 2 royal jellies
 H - 4 meat rations
 X - 21 beef jerkies

Dungeon Overview and Level Annotations

Branches:
Dungeon (10/15)            Temple (1/1) D:6            Lair (8/8) D:8
  Swamp (0/4) Lair:6        Snake (0/4) Lair:3        Slime (0/6) Lair:7
    Orc (0/2) D:9

Altars:
Ashenzari
Cheibriados
Dithmenos
Elyvilon
Fedhas
Gozag
Kikubaaqudgha
Makhleb
Nemelex Xobeh
Okawaru
Pakellas
Qazlal
Ru
Sif Muna
Trog
Vehumet
Xom
Yredelemnul
Zin
The Shining One


Message History

You remove your ring of protection from magic.
You feel agile.
f - the ring of the Heavens (left hand) {+Blink rF++ rC- Dex+2 Stlth+} You start resting.
Magic restored.
HP restored.
Put on which piece of jewellery? (? for menu, Esc to quit)
You're wearing all the rings you can.
Remove which one? (? for menu, Esc to cancel) < or
f - the ring of the Heavens {+Blink rF++ rC- Dex+2 Stlth+} > or
y - a +3 ring of protection You remove the ring of the Heavens {+Blink rF++ rC- Dex+2 Stlth+}.
J - a ring of protection from magic (left hand)
You see here a thin smoking staff.
You now have 2224 gold pieces (gained 26).
You see here a halberd.
You see here a thin smoking staff.
You can't carry that many items.
Done exploring.
You see here a chain mail.
There is an open door here.
Read which item? (? for menu, Esc to quit)
As you read the scroll of acquirement, it crumbles to dust.
This is a scroll of acquirement! [a] Weapon [b] Armour [c] Jewellery [d] Book [e] Staff [f] Wand [g] Miscellaneous [h] Food [i] Gold [j] Ammunition What kind of item would you like to acquire? (\ to view known items)
Something appears at your feet!
W - a warped broad axe Wield which item (- for none, * to show all)? (? for menu, Esc to quit)
Your +1 war axe of electrocution stops crackling.
You feel agile.
It bursts into flame!
W - the +8 broad axe of Linearity (weapon)
{flame, *Noise rF+ Dex+5} Are you sure you want to abandon this character and quit the game? (Confirm with "yes".)

#.........# #'###..#.%#..#.%#..#.
#.........###......#.....#.....#)
#...........#......#.....#.....#.
#.....#####.####################.
......# #......................
~.....# #......................
~~....# ######################.
00....# #......#.....#.....#.
~~~...# #...@..#.....#.....#.
.~~...# #'###..#..#..#..#..#.
0.~...# #[.)#..#..#..#..#..#%
0~....# #)|.#.....#.....#....
.....## #[.)#.....#.....#....
#....# #####################
######


There were no monsters in sight!

Action                   |  1- 3 |  4- 6 |  7- 9 | 10-12 | 13-15 || total
-------------------------+-------+-------+-------+-------+-------++-------
Melee: Dagger            |   188 |   237 |   202 |    43 |    31 ||   701
       Rapier            |       |       |    18 |       |       ||    18
       Whip              |       |       |     7 |   361 |       ||   368
       War axe           |       |       |       |   420 |   960 ||  1380
       Unarmed           |       |       |       |     5 |       ||     5
 Fire: Blowgun           |       |       |       |       |     6 ||     6
 Cast: Corona            |    10 |     1 |     1 |    10 |    47 ||    69
       Confuse           |       |    26 |    47 |    78 |    38 ||   189
       Tukima's Dance    |       |       |     1 |     2 |     1 ||     4
 Abil: Dig               |       |       |     1 |     7 |     7 ||    15
       Shaft Self        |       |       |       |       |     1 ||     1
  Use: Scroll            |       |       |    13 |     9 |     7 ||    29
       Potion            |       |       |     1 |     2 |     1 ||     4
 Stab: Sleeping          |     5 |     6 |    12 |    26 |    27 ||    76
       Distracted        |     2 |     1 |     1 |     4 |       ||     8
       Confused          |       |    15 |    29 |    54 |    54 ||   152
       Invisible         |       |       |       |     4 |       ||     4
  Eat: Chunk             |     3 |    13 |    13 |    16 |    22 ||    67
       Meat ration       |       |       |     1 |       |       ||     1
       Fruit             |       |       |       |     4 |       ||     4
       Royal jelly       |       |       |       |     2 |       ||     2
       Pizza             |       |       |       |       |     1 ||     1

Notes
Turn   | Place    | Note
--------------------------------------------------------------
     0 | D:1      | Duffy the Formicid Enchanter began the quest for the Orb.
     0 | D:1      | Reached XP level 1. HP: 13/13 MP: 3/3
   337 | D:1      | Reached XP level 2. HP: 5/19 MP: 3/5
   588 | D:1      | Reached skill level 4 in Stealth
   848 | D:1      | Reached skill level 4 in Hexes
   884 | D:1      | Reached XP level 3. HP: 10/24 MP: 2/6
  1062 | D:1      | Learned a level 3 spell: Confuse
  1901 | D:2      | Reached skill level 1 in Fighting
  1901 | D:2      | Reached XP level 4. HP: 30/32 MP: 7/7
  2078 | D:2      | Reached skill level 2 in Fighting
  2079 | D:2      | Noticed Terence
  2262 | D:1      | Killed Terence
  2262 | D:1      | Reached XP level 5. HP: 30/40 MP: 5/8
  2342 | D:1      | Learned a level 3 spell: Tukima's Dance
  2424 | D:2      | Reached skill level 3 in Fighting
  3818 | D:3      | Noticed Jessica
  4004 | D:3      | Killed Jessica
  4004 | D:3      | Reached skill level 2 in Short Blades
  4069 | D:3      | Reached XP level 6. HP: 30/47 MP: 3/9
  4558 | D:4      | Reached skill level 5 in Stealth
  4644 | D:4      | Reached skill level 3 in Short Blades
  5067 | D:4      | Noticed an ogre
  5082 | D:4      | Killed an ogre
  5082 | D:4      | Reached skill level 6 in Stealth
  5082 | D:4      | Reached XP level 7. HP: 52/52 MP: 1/10
  5631 | D:5      | Entered Level 5 of the Dungeon
  5687 | D:5      | Noticed Duvessa
  5714 | D:5      | Noticed Dowan
  5738 | D:5      | Killed Duvessa
  5738 | D:5      | Reached skill level 7 in Stealth
  5738 | D:5      | Reached skill level 5 in Hexes
  5935 | D:5      | Killed Dowan
  6400 | D:5      | Reached skill level 8 in Stealth
  6400 | D:5      | Reached XP level 8. HP: 58/58 MP: 7/11
  6407 | D:5      | Learned a level 3 spell: Dazzling Spray
  6510 | D:5      | Noticed Pikel
  6532 | D:5      | Killed Pikel
  6532 | D:5      | Reached skill level 9 in Stealth
  6532 | D:5      | Reached skill level 7 in Hexes
  7283 | D:6      | Reached XP level 9. HP: 38/64 MP: 8/12
  7490 | D:6      | Found a staircase to the Ecumenical Temple.
  7501 | Temple   | Entered the Ecumenical Temple
  7507 | Temple   | Became a worshipper of Cheibriados the Contemplative
  7628 | D:6      | Reached skill level 8 in Hexes
  7785 | D:6      | Gained mutation: You have large cloven feet. [potion of beneficial mutation]
  7915 | D:6      | Reached skill level 10 in Stealth
  8100 | D:6      | Found a bloodstained altar of Trog.
  8100 | D:6      | Found a deep blue altar of Sif Muna.
  8100 | D:6      | Found a radiant altar of Vehumet.
  8166 | D:6      | Reached skill level 2 in Dodging
  8218 | D:6      | Reached skill level 4 in Fighting
  8328 | D:6      | Reached skill level 3 in Dodging
  8572 | D:6      | Reached * piety under Cheibriados
  8766 | D:6      | Reached skill level 5 in Fighting
  8992 | D:7      | Noticed Joseph
  9022 | D:7      | Killed Joseph
  9022 | D:7      | Reached skill level 4 in Dodging
  9043 | D:7      | Reached skill level 6 in Fighting
  9164 | D:7      | Reached skill level 5 in Dodging
  9164 | D:7      | Reached XP level 10. HP: 74/77 MP: 13/13
  9190 | D:7      | Noticed Prince Ribbit
  9223 | D:7      | Killed Prince Ribbit
  9384 | D:7      | Reached skill level 7 in Fighting
  9519 | D:7      | Reached ** piety under Cheibriados
  9783 | D:7      | Noticed Menkaure
  9788 | D:7      | Reached skill level 6 in Dodging
  9826 | D:7      | Killed Menkaure
 10112 | D:7      | Found an oddly glowing altar of Pakellas.
 10291 | D:7      | Found a glowing golden altar of the Shining One.
 10343 | D:7      | Reached skill level 8 in Fighting
 10455 | D:7      | Reached *** piety under Cheibriados
 10640 | D:7      | Found an ancient bone altar of Kikubaaqudgha.
 10960 | D:8      | Reached skill level 7 in Dodging
 11333 | D:8      | Noticed a manticore
 11344 | D:8      | Killed a manticore
 11344 | D:8      | Reached skill level 9 in Fighting
 11472 | D:8      | Found a staircase to the Lair.
 11571 | D:8      | Reached **** piety under Cheibriados
 11571 | D:8      | Reached XP level 11. HP: 58/89 MP: 9/14
 12320 | D:9      | Reached skill level 8 in Dodging
 12494 | D:9      | Found a staircase to the Orcish Mines.
 12591 | D:9      | Reached skill level 1 in Axes
 12683 | D:9      | Noticed a cyclops
 12694 | D:9      | Reached skill level 10 in Fighting
 12751 | D:9      | Killed a cyclops
 12751 | D:9      | Reached skill level 2 in Axes
 12751 | D:9      | Reached skill level 2 in Invocations
 12891 | D:9      | Reached skill level 3 in Axes
 12939 | D:9      | Reached skill level 3 in Invocations
 12970 | D:9      | Reached ***** piety under Cheibriados
 12999 | D:9      | Found an opulent altar of Gozag.
 13491 | D:10     | Entered Level 10 of the Dungeon
 13491 | D:10     | Noticed a hill giant
 13508 | D:10     | Killed a hill giant
 13508 | D:10     | Reached skill level 4 in Invocations
 13638 | D:10     | Reached skill level 4 in Axes
 13800 | D:10     | Reached skill level 5 in Invocations
 13840 | D:10     | Noticed Fannar
 13855 | D:10     | Killed Fannar
 13950 | D:10     | Reached skill level 5 in Axes
 14062 | D:10     | Reached skill level 6 in Invocations
 14138 | D:10     | Noticed Sonja
 14141 | D:10     | Killed Sonja
 14167 | D:10     | Noticed a hill giant
 14188 | D:10     | Killed a hill giant
 14188 | D:10     | Reached skill level 6 in Axes
 14188 | D:10     | Reached skill level 7 in Invocations
 14188 | D:10     | Reached XP level 12. HP: 97/97 MP: 11/17
 14551 | D:10     | Noticed Psyche
 14559 | D:10     | Killed Psyche
 14793 | Lair:1   | Entered Level 1 of the Lair of Beasts
 14936 | Lair:1   | Reached skill level 3 in Spellcasting
 14945 | Lair:1   | Reached skill level 8 in Invocations
 15304 | Lair:1   | Reached skill level 4 in Spellcasting
 15444 | Lair:1   | Reached ****** piety under Cheibriados
 15567 | Lair:1   | Reached skill level 9 in Invocations
 15758 | Lair:2   | Reached skill level 1 in Armour
 15843 | Lair:2   | Reached skill level 2 in Armour
 15857 | Lair:2   | Got a smoking scale mail
 15899 | Lair:2   | Identified the +6 scale mail of Kaygih {Str+4 Slay+2 Stlth+} (You found it on level 2 of the Lair of Beasts)
 15920 | Lair:2   | Reached skill level 7 in Axes
 16298 | Lair:2   | Reached skill level 3 in Armour
 17048 | Lair:3   | Reached skill level 4 in Armour
 17114 | Lair:3   | Found a staircase to the Snake Pit.
 17174 | Lair:3   | Reached skill level 8 in Axes
 17306 | Lair:3   | Reached skill level 5 in Armour
 17306 | Lair:3   | Reached XP level 13. HP: 103/103 MP: 19/19
 18030 | Lair:4   | Found a frozen archway.
 18053 | IceCv    | Entered an ice cave
 18062 | IceCv    | Reached skill level 9 in Axes
 19016 | IceCv    | Reached skill level 10 in Axes
 19158 | IceCv    | Noticed an ice dragon
 19178 | IceCv    | Killed an ice dragon
 19190 | IceCv    | Noticed an ice dragon
 19211 | IceCv    | Killed an ice dragon
 19519 | Lair:4   | Noticed Urug
 19550 | Lair:4   | Killed Urug
 19550 | Lair:4   | Reached skill level 11 in Axes
 20238 | Lair:5   | Reached skill level 12 in Axes
 20249 | Lair:5   | Got a vibrating bone ring
 20422 | Lair:5   | Noticed a seven-headed hydra
 20445 | Lair:5   | You fall through a shaft for 3 floors!
 20445 | Lair:8   | Entered Level 8 of the Lair of Beasts
 20739 | Lair:8   | Identified the ring "Deam" {SustAt rC+ rN+} (You found it on level 5 of the Lair of Beasts)
 20832 | Lair:7   | Reached skill level 1 in Shields
 21329 | Lair:5   | Reached skill level 2 in Shields
 21420 | Lair:5   | Killed a 12-headed hydra
 21778 | Lair:6   | Reached skill level 3 in Shields
 21897 | Lair:6   | Found a staircase to the Swamp.
 22414 | Lair:7   | Reached XP level 14. HP: 100/110 MP: 20/20
 22601 | Lair:7   | Reached skill level 4 in Shields
 22617 | Lair:7   | Found a staircase to the Slime Pits.
 23121 | Lair:7   | Reached skill level 13 in Axes
 24010 | Lair:8   | Reached skill level 14 in Axes
 24696 | Lair:8   | Reached skill level 15 in Axes
 25072 | Lair:8   | Reached XP level 15. HP: 84/115 MP: 21/21
 25282 | Lair:8   | Reached skill level 16 in Axes
 25892 | Lair:8   | Reached skill level 17 in Axes
 26884 | D:8      | Got a glittering turquoise ring
 26886 | D:8      | Identified the ring of the Heavens {+Blink rF++ rC- Dex+2 Stlth+} (You found it on level 8 of the Dungeon)
 26920 | D:8      | Got a warped broad axe
 26921 | D:8      | Identified the +8 broad axe of Linearity {flame, *Noise rF+ Dex+5} (You acquired it on level 8 of the Dungeon)
 26924 | D:8      | Quit the game

Vault maps used:
D:1:      dpeg_arrival_tiny_j, minmay_misc_feat_cross
D:2:      uniq_terence
D:3:      first_bread, uniq_jessica
D:5:      uniq_duvessa, uniq_pikel
D:6:      gammafunk_temple_overflow_claw, minmay_temple_entry_junction,
          serial_bayou_pond_b
D:7:      kennysheep_little_box, kennysheep_mini, the_bakery,
          johnstein_pakellas_dig, uniq_prince_ribbit1, uniq_menkaure,
          uniq_joseph
D:8:      kennysheep_windowed_halls, minmay_lair_entry_lava
D:9:      nicolae_gozag_seed_capital, david_orc_4,
          hangedman_abyss_or_decor_slice
D:10:     uniq_psyche, uniq_fannar, uniq_sonja
Temple:   water_room_temple_a_12
Lair:1:   minmay_holes
Lair:3:   minmay_snake_entry_spellcaster, beast_lair_carwin_2
Lair:4:   portal_ice_cave_entry_imps, lemuel_fruit_tree, grunt_megastairs_4,
          uniq_urug
Lair:6:   minmay_swamp_entry_worms, serial_bayou_pond_e,
          infiniplex_staircase_pool, grunt_megastairs_5
Lair:7:   minmay_slime_entry_pillars, st_stairs_11, grunt_megastairs_2,
          infiniplex_staircase_pool_2
Lair:8:   hangedman_lair_caniforms_friends, guppyfry_lair_end_dragon,
          serial_bayou_shore_a
IceCv:    ice_cave_small_dragons

Vanquished Creatures
  A fire dragon Fannar
  8 hydras
  2 ice dragons Urug
  15 death yaks Sonja
  A skeletal warrior
  2 hill giants Pikel
  A cyclops
  A manticore
  4 griffons
  A naga mage Joseph
  9 elephants
  3 black mambas Psyche
  2 ice statues
  17 spiny frogs
  9 komodo dragons
  2 gargoyles
  9 rime drakes
  A giant leech
  A raiju
  A troll
  A two-headed ogre
  A boulder beetle
  9 polar bears
  3 slime creatures Prince Ribbit
  14 blink frogs
  A wyvern
  A spriggan
  28 yaks
  8 hippogriffs
  6 basilisks
  A hungry ghost
  2 steam dragons
  7 wargs Menkaure
  A mottled dragon
  17 water moccasins
  6 hell hounds
  13 porcupines
  4 sky beasts Duvessa
  A swamp drake
  12 orc warriors
  A wasp
  20 ice beasts
  2 phantoms
  7 ogres
  14 black bears
  A necrophage
  20 wolves
  4 centaurs
  15 crocodiles
  2 big kobolds
  A gnoll sergeant Dowan
  17 giant frogs
  3 scorpions
  4 wights
  4 killer bees
  2 electric eels
  2 howler monkeys
  5 crimson imps
  A giant frog zombie
  21 hounds
  2 centaur skeletons
  3 jellies
  19 orc wizards
  6 orc priests
  A gnoll shaman Jessica
  17 iguanas Terence
  5 worker ants
  A killer bee zombie
  28 sheep
  2 hound skeletons
  11 gnolls
  9 adders
  108 river rats
  5 shadow imps
  12 white imps
  6 adder skeletons
  2 worms
  3 dart slugs
  12 giant geckos
  44 orcs
  8 bats
  4 giant cockroaches
  8 hobgoblins
  12 jackals
  17 kobolds
  6 quokkas
  A giant gecko skeleton
  6 giant newts
  9 goblins
  2 jackal skeletons
  A jackal zombie
  A quokka skeleton
  A quokka zombie
  10 rats
  47 fungi
  54 plants
867 creatures vanquished.
